 Dungeon Crawl Stone Soup version 0.31-a0-889-g1a8549509d (webtiles) character file.

Game seed: 1478027143224441030

49 Maratek the Shooter (level 3, -3/24 HPs)
             Began as an Octopode Hunter on Oct 16, 2023.
             Slain by a sleepcap (5 damage)
             ... on level 2 of the Dungeon.
             The game lasted 00:01:09 (913 turns).

Maratek the Shooter (Octopode Hunter)                Turns: 913, Time: 00:01:09

Health: -3/24      AC:  1    Str: 10    XL:     3   Next: 77%
Magic:  3/3        EV: 13    Int: 11    God:
Gold:   96         SH:  0    Dex: 17    Spells: 2/2 levels left

rFire   . . .        a - +0 shortbow
rCold   . . .        (shield currently unavailable)
rNeg    . . .        (helmet restricted)
rPois   +            (no amulet)
rElec   .            g - ring of poison resistance
rCorr   .            (no ring)
SInv    .            (no ring)
Will    .....        (no ring)
Stlth   +++          (no ring)
HPRegen 0.24/turn    (no ring)
MPRegen 0.08/turn    (no ring)
                     (no ring)

%: no passive effects
@: no status effects
A: almost no armour, amphibious, 8 rings, camouflage 1, gelatinous body 1,
(nimble swimmer 1), tentacles
a: no special abilities


You were on level 2 of the Dungeon.
You visited 1 branch of the dungeon, and saw 2 of its levels.

You collected 96 gold pieces.

Inventory:

Hand Weapons
 a - a +0 shortbow (weapon)
Jewellery
 g - a ring of poison resistance (left tentacle)
Scrolls
 b - a scroll of butterflies
 e - a scroll of poison {unknown}
 f - a scroll of enchant armour {unknown}
 h - a scroll of vulnerability {unknown}
Potions
 c - a potion of haste {unknown}
 d - a potion of ambrosia {unknown}


   Skills:
 + Level 2.2 Fighting
 + Level 5.1 Ranged Weapons
 + Level 2.1 Dodging
 + Level 1.3 Stealth


You had 2 spell levels left.
You didn't know any spells.
Your spell library contained the following spells:

 Spells                   Type           Power      Damage    Failure   Level
 Poisonous Vapours        Pois/Air       0%         N/A       47%         2
 Mephitic Cloud           Conj/Pois/Air  0%         N/A       71%         3
 Freezing Cloud           Conj/Ice/Air   0%         6-21      100%        5


Dungeon Overview and Level Annotations

Branches:
Dungeon (2/15)

Altars:


Innate Abilities, Weirdness & Mutations

You cannot wear most types of armour.
You are amphibious.
You can wear up to eight rings at the same time.
Your skin changes colour to match your surroundings (Stealth+).
Your rubbery body absorbs attacks. (AC +1, EV +1)
((You are camouflaged when in or above water. (Stealth+)))
You have tentacles for arms and can constrict up to eight enemies at once.


Message History

You shoot an arrow. The arrow hits the adder!
You kill the adder!
You shoot an arrow. The arrow hits the sleepcap.
The sleepcap is lightly damaged.
You shoot an arrow.
The arrow hits the sleepcap but does no damage.
The sleepcap is lightly damaged.
You shoot an arrow. The arrow hits the sleepcap.
The sleepcap is moderately damaged.
You shoot an arrow. The arrow hits the sleepcap.
The sleepcap is moderately damaged.
The sleepcap closely misses you.
You shoot an arrow. The arrow hits the sleepcap.
The sleepcap is moderately damaged.
The sleepcap misses you.
You shoot an arrow. The arrow hits the sleepcap.
The sleepcap is heavily damaged.
The sleepcap barely misses you.
You shoot an arrow. The arrow hits the sleepcap!
The sleepcap is severely damaged.
The sleepcap releases spores at you!
You are engulfed in a cloud of soporific spores!
You fall asleep.
The sleepcap releases spores at you!
You wake up.
Ouch! That really hurt!
* * * LOW HITPOINT WARNING * * *
You are too injured to fight recklessly!
You are too injured to fight recklessly!
You are too injured to fight recklessly!
You are too injured to fight recklessly!
Unknown command.
You are too injured to fight recklessly!
You are too injured to fight recklessly!
Fire: a) +0 shortbow
Press: ? - help, Q - select action Shift-Dir - straight line, f/p - sleepcap
Aim: a sleepcap (severely damaged, 98% to hit)
You shoot an arrow. The arrow hits the sleepcap.
The sleepcap is almost destroyed.
The sleepcap releases spores at you.
You die...

≈........)#########
##.......# #.#..)..## #
. ###....##### .. ####
##...~~≈≈≈# [..#...
#.~~~≈~~≈≈≈#
.......####.~~~≈~~≈≈≈≈≈
...#........~~≈~~≈≈≈≈##
......f@......~≈~#####
............~~≈..~#
....#####.##.~~≈~~..
... #.##..≈~≈.#.. #
#.##~~~~~.#..
.?..~.~~.~# ### ^~~≈...
≈~~.


You could see a sleepcap.

Vanquished Creatures
  An adder (D:2)
  3 ball pythons (D:1)
  A bat (D:1)
  2 endoplasms (D:1)
  A giant cockroach (D:1)
  2 goblins (D:2)
  7 hobgoblins
  6 jackals
  A quokka (D:1)
  5 frilled lizards
  4 kobolds
  4 rats
37 creatures vanquished.

Notes
Turn   | Place    | Note
-------+----------+-------------------------------------------
     0 | D:1      | Maratek the Octopode Hunter began the quest for the Orb.
     0 | D:1      | Reached XP level 1. HP: 14/14 MP: 1/1
   180 | D:1      | Reached XP level 2. HP: 19/19 MP: 2/2
   590 | D:1      | Reached XP level 3. HP: 24/24 MP: 3/3
   860 | D:2      | Reached skill level 5 in Ranged Weapons
   913 | D:2      | Slain by a sleepcap

Illustrated notes

Levels and vault maps discovered:
D:1:      roderic_dead_forest, layout_loops_cross
D:2:      layout_rooms, serial_rivers, chequers_serial_rivers_small_3,
          chequers_serial_rivers_micro_d, chequers_serial_rivers_large_a,
          chequers_serial_rivers_micro_e, chequers_serial_rivers_room_b,
          chequers_serial_rivers_room_b, hangedman_decor_push,
          chequers_serial_rivers_room_b, uniq_jessica

Skill      XL: |  1  2  3 |
---------------+----------+-----
Ranged Weapons | 5 |  5.1
Fighting       | |  2.2
Dodging        | |  2.1
Stealth        | |  1.3

Action                     || total
---------------------------++-------
   Fire: Shortbow          ||   104
 Armour: Skin              ||    26
  Dodge: Dodged            ||    31

Table legend: (Time is in decaauts)
 A = Elapsed time spent in this place.
 B = Non-inter-level travel time spent in this place.
 C = Inter-level travel time spent in this place.
 D = Time resting spent in this place.
 E = Time spent auto-exploring this place.
 F = Levels seen in this place.
 G = Mean time per level.
                   A        B        C        D        E       F      G
               +--------+--------+--------+--------+--------+-----+--------+
         Total |    929 |    881 |     48 |      0 |    716 |   2 |  464.5 |
       Dungeon |    929 |    881 |     48 |      0 |    716 |   2 |  464.5 |
               +--------+--------+--------+--------+--------+-----+--------+

Top non-repeatable levels by time:
     D:1: 799 daAuts
     D:2: 129 daAuts
